 Dungeon Crawl Stone Soup version 0.25-b1-23-ge2ad7d536c (webtiles) character file.

Game seed: 15909867109232863657, levelgen mode: deterministic

212 Esekla the Magician (level 5, -1/33 HPs)
             Began as an Octopode Wizard on June 3, 2020.
             Slain by a centaur skeleton (8 damage)
             ... on level 4 of the Dungeon.
             The game lasted 00:19:22 (5101 turns).

Esekla the Magician (Octopode Wizard)               Turns: 5101, Time: 00:19:23

Health: -1/33      AC:  1    Str:  7    XL:     5   Next: 89%
Magic:  1/11       EV: 13    Int: 21    God:
Gold:   145        SH:  0    Dex: 10    Spells: 3/12 levels left

rFire    . . .     SeeInvis .   e - +0 short sword
rCold    . . .     Gourm    .   (no shield)
rNeg     . . .     Faith    .   a - +0 hat
rPois    .         Spirit   .   (no amulet)
rElec    .         Reflect  .   (no ring)
rCorr    .         Harm     .   (no ring)
MR       .....                  (no ring)
Stlth    +++.......             (no ring)
HPRegen  0.11/turn              (no ring)
MPRegen  0.12/turn              (no ring)
                                (no ring)
                                (no ring)

@: lethally poisoned (-1 -> -5), hasted, very quick
A: almost no armour, stealthy swim, amphibious, 8 rings, constrict 8, camouflage
1, gelatinous body 1
a: no special abilities


You were on level 4 of the Dungeon.
You were not hungry.

You visited 1 branch of the dungeon, and saw 4 of its levels.

You collected 145 gold pieces.

Inventory:

Hand Weapons
 e - a +0 short sword (weapon)
Missiles
 r - 6 poisoned darts (quivered)
Armour
 a - a +0 hat (worn)
Wands
 u - a wand of polymorph (7)
Scrolls
 b - 6 scrolls of teleportation
 d - 2 scrolls of remove curse
 f - a scroll of amnesia {unknown}
 i - a scroll of blinking {unknown}
 j - a scroll of identify {unknown}
 o - a scroll of fear {unknown}
 q - a scroll of magic mapping {unknown}
Potions
 g - a potion of curing {unknown}
 h - a potion of might {unknown}
 k - a potion of resistance {unknown}
 l - a potion of heal wounds {unknown}
 m - a potion of ambrosia {unknown}
 n - a potion of haste
 p - a potion of brilliance {unknown}
 s - a potion of flight {unknown}
Comestibles
 c - 5 rations


   Skills:
 * Level 1.5 Fighting
 + Level 1.3 Short Blades
 + Level 2.4 Dodging
 - Level 2.6 Stealth
 * Level 4.3 Spellcasting
 + Level 1.9 Conjurations
   Level 1.0 Summonings
 * Level 1.6 Translocations
 * Level 1.1 Air Magic
 * Level 1.5 Poison Magic


You had 3 spell levels left.
You knew the following spells:

 Your Spells              Type           Power        Failure   Level  Hunger
a - Magic Dart            Conj           ##..         5%          1    None
b - Blink                 Tloc           N/A          9%          2    #......
c - Mephitic Cloud        Conj/Pois/Air  ##......     19%         3    ##.....
f - Conjure Flame         Conj/Fire      #.......     24%         3    ##.....

Your spell library contained the following spells:

 Spells                   Type           Power        Failure   Level  Hunger
 Call Imp                 Summ           #.......     12%         2    #......
 Slow                     Hex            #.......     17%         2    #......


Dungeon Overview and Level Annotations

Branches:
Dungeon (4/15)
 Temple: D:4-7

Altars:
Qazlal


Innate Abilities, Weirdness & Mutations

You cannot wear most types of armour.
You are very stealthy in the water. (Stealth+)
You are amphibious.
You can wear up to eight rings at the same time.
You can use your tentacles to constrict eight enemies at once.
Your skin changes colour to match your surroundings (Stealth+).
Your rubbery body absorbs attacks. (AC +1, EV +1)


Message History

Press: ? - help, Shift-Dir - straight line, f - ogre
Aim: an ogre, wielding a +0 giant club (moderately wounded, confused)
You throw a poisoned dart. The poisoned dart hits the ogre.
The ogre is moderately wounded.
Throwing (i - inventory)
r - 7 poisoned darts (quivered)
Press: ? - help, Shift-Dir - straight line, f/p - ogre
Aim: an ogre, wielding a +0 giant club (moderately wounded, confused)
You throw a poisoned dart.
The poisoned dart hits the centaur skeleton.
You feel sick.
You hit the centaur skeleton.
The centaur skeleton is lightly damaged.
You feel sick. The centaur skeleton hits you.
You hit the centaur skeleton.
The centaur skeleton is lightly damaged.
The ogre seems less confused.
The centaur skeleton hits you.
* * * LOW HITPOINT WARNING * * *
It was a potion of haste.
You feel yourself speed up.
You feel sick. The centaur skeleton hits you!
You die...

##### ## .... .#
$.# .# ##.##
.######
#.###...###.......
#..(..(.(Z@.#
.....##(.O###.#
#### ##.## .# #.#
.# #.# .# #.# .#
..# .# ## .#


You could see an ogre and a centaur skeleton.

Vanquished Creatures
  Crazy Yiuf (D:2)
  A worker ant (D:4)
  Robin (D:3)
  A gnoll (D:2)
  3 adders (D:2)
  An ooze (D:1)
  2 worms (D:2)
  A dart slug (D:1)
  3 leopard geckos (D:2)
  5 orcs (D:3)
  3 giant cockroaches (D:1)
  21 goblins
  7 hobgoblins
  7 jackals (D:3)
  A quokka (D:3)
  11 bats
  7 frilled lizards
  7 kobolds
  3 rats
86 creatures vanquished.

Notes
Turn   | Place    | Note
-------+----------+-------------------------------------------
     0 | D:1      | Esekla the Octopode Wizard began the quest for the Orb.
     0 | D:1      | Reached XP level 1. HP: 11/11 MP: 4/4
   420 | D:1      | Reached XP level 2. HP: 17/17 MP: 6/6
   425 | D:1      | Learned a level 2 spell: Blink
  1176 | D:1      | Reached XP level 3. HP: 19/21 MP: 8/8
  1825 | D:2      | Reached skill level 4 in Spellcasting
  1838 | D:2      | Learned a level 3 spell: Mephitic Cloud
  1842 | D:2      | Learned a level 3 spell: Conjure Flame
  2229 | D:2      | Reached XP level 4. HP: 9/27 MP: 8/10
  2676 | D:2      | Reached skill level 1 in Fighting
  3106 | D:2      | Found a faded altar of an unknown god.
  3256 | D:2      | Found a runed translucent door.
  3257 | D:2      | Noticed Crazy Yiuf
  3268 | D:2      | Killed Crazy Yiuf
  3268 | D:2      | Reached skill level 1 in Poison Magic
  3268 | D:2      | Reached XP level 5. HP: 33/33 MP: 5/11
  3473 | D:3      | Reached skill level 1 in Short Blades
  3606 | D:3      | Found a stormy altar of Qazlal.
  4535 | D:3      | Noticed Robin
  4574 | D:3      | Killed Robin
  4941 | D:3      | Reached skill level 1 in Air Magic
  5080 | D:4      | Noticed an ogre
  5101 | D:4      | Slain by a centaur skeleton

Illustrated notes

Levels and vault maps discovered:
D:1:      mainiacjoe_arrival_reflecting_pool, layout_basic, st_stairs_6
D:2:      minmay_razor_zed, layout_basic, chequers_ecumenical_altar_simple,
          kennysheep_generic_room_14, uniq_crazy_yiuf_cottage
D:3:      kennysheep_goblin_castle, layout_basic, lemuel_doored_altar
D:4:      layout_loops_ring, kennysheep_mini, minitemple, first_ration,
          hangedman_decor_riveting

Skill      XL: |  1  2  3  4  5 |
---------------+----------------+-----
Spellcasting   | 4 |  4.3
Fighting       | 1 |  1.5
Poison Magic   | 1 |  1.5
Short Blades   | 1 |  1.3
Air Magic      | 1 |  1.1
Dodging        | |  2.4
Stealth        | |  2.6
Conjurations   | |  1.9
Summonings     | |  1.0
Translocations | |  1.6

Action                   |  1- 3 |  4- 6 || total
-------------------------+-------+-------++-------
Melee: Short sword       |    70 |    91 ||   161
       Unarmed           |     7 |       ||     7
       Constrict         |    19 |    33 ||    52
       Tentacles         |     9 |    14 ||    23
Throw: Dart              |       |    11 ||    11
 Cast: Magic Dart        |    40 |    46 ||    86
       Mephitic Cloud    |       |     3 ||     3
       Blink             |       |     2 ||     2
  Use: Scroll            |       |     2 ||     2
       Potion            |       |     1 ||     1
 Stab: Sleeping          |     7 |    11 ||    18
       Confused          |       |     1 ||     1
  Eat: Chunk             |     4 |     9 ||    13
Armor: Skin              |     5 |     9 ||    14
Dodge: Dodged            |    62 |    56 ||   118
